AoeStats
← WILSON-2026

Arena

505224211Analyzed
1v1 RM · 24d ago on Sep 8, 2026· 89m 4s· 2 players
Game mode
Random Map
Map size
Tiny (2 player)
Population
200
Speed
Normal
Resources
Standard
Victory
Conquest
Starting age
Dark Age
Ending age
Imperial Age
RankedLock teamsTeams togetherTeam positionsShared explorationLock speedFull tech treeHidden civsTurbo modeCheats
Victory
Defeat
🇪🇸 Muisca · Spain
1149
+16
🇨🇳 Saracens · China
1146
-16
WILSON-2026
6:33 Loom
10:51 Feudal Age
12:16 Double-Bit Axe
15:06 Castle Age
13:25 Horse Collar
20:15 Wheelbarrow
24:08 Bow Saw
23:59 Heavy Plow
26:10 Hand Cart
27:03 Loom
27:03 Town Watch
31:41 Imperial Age
30:10 Gold Mining
30:11 Stone Mining
32:27 Gold Shaft Mining
32:14 Husbandry
32:24 Bloodlines
31:57 Treadmill Crane
33:14 Conscription
33:55 Chemistry
33:17 Ballistics
33:08 Masonry
32:51 Elite Mameluke
34:29 Scale Barding Armor
34:35 Forging
34:56 Devotion
36:25 Chain Barding Armor
36:15 Forging
37:42 Iron Casting
37:42 Plate Barding Armor
38:14 Two-Man Saw
37:37 Fletching
38:40 Town Patrol
39:26 Bodkin Arrow
40:24 Bimaristan
40:49 Hoardings
40:46 Sanctity
40:36 Fervor
40:49 Faith
40:26 Herbal Medicine
41:00 Siege Engineers
40:55 Murder Holes
43:26 Blast Furnace
42:27 Bracer
43:19 Padded Archer Armor
44:46 Hoardings
57:09 Onager
58:41 Counterweights
59:37 Light Cavalry
61:35 Fortified Wall
62:32 Leather Archer Armor
65:39 Hussar
73:27 Thumb Ring
74:20 Ring Archer Armor
74:50 Elite Skirmisher
79:01 Capped Ram
Odiseo
3:13 Loom
9:16 Feudal Age
9:46 Double-Bit Axe
9:44 Horse Collar
15:26 Castle Age
13:47 Gold Mining
16:40 Bow Saw
16:32 Heavy Plow
21:55 Gold Shaft Mining
25:16 Wheelbarrow
27:07 Stone Mining
27:52 Hand Cart
27:56 Town Watch
27:57 Loom
32:19 Imperial Age
29:52 Town Patrol
31:43 Fervor
31:44 Redemption
31:54 Sanctity
31:47 Forging
31:37 Scale Mail Armor
31:27 Fletching
31:37 Padded Archer Armor
31:59 Ballistics
31:49 Masonry
31:21 Treadmill Crane
31:51 Masonry
32:06 Ballistics
31:56 Masonry
32:45 Champi Runner
38:12 Chemistry
37:17 Siege Engineers
36:39 Onager
37:26 Squires
36:46 Champi Warrior
36:47 Pikeman
38:02 Bodkin Arrow
38:23 Leather Archer Armor
38:43 Iron Casting
38:23 Chain Mail Armor
38:40 Conscription
38:56 Hoardings
37:53 Crossbowman
38:39 Thumb Ring
38:47 Arbalester
39:31 Herbalism
39:13 Capped Ram
42:59 Bracer
43:29 Plate Mail Armor
43:53 Huaracas
47:30 Murder Holes
56:03 Hoardings
57:34 Guard Tower
62:34 Siege Onager
63:56 Keep
64:14 Crop Rotation
64:46 Two-Man Saw
64:21 Stone Shaft Mining
64:14 Elite Champi Warrior
76:19 Elite Skirmisher
83:13 Elite Temple Guard
Connection lost

Rejoining the realm…

Still unreachable

The connection could not be restored.

Session expired

The server has moved on; the page needs a fresh start.